 Dungeon Crawl Stone Soup version 0.19-a0-790-ge39e1af (webtiles) character file.

14 tyrsky the Ruffian (level 2, -1/25 HPs)
             Began as a Naga Transmuter on June 26, 2016.
             Slain by an orc
             ... wielding a +0 flail
              (7 damage)
             ... on level 3 of the Dungeon.
             The game lasted 00:03:28 (570 turns).

tyrsky the Ruffian (Naga Transmuter)                 Turns: 570, Time: 00:03:29

Health: -1/25      AC:  1    Str: 12    XL:     2   Next: 45%
Magic:  4/5        EV: 10    Int: 13    God:
Gold:   12         SH:  0    Dex: 11    Spells: 1 memorised, 4 levels left

rFire  . . .     SeeInvis +       - Unarmed
rCold  . . .     Gourm    .     b - +0 robe
rNeg   . . .     Faith    .     (no shield)
rPois  +         Spirit   .     (no helmet)
rElec  .         Dismiss  .     (no cloak)
rCorr  .         Reflect  .     (no gloves)
SustAt .         Harm     .     (no barding)
MR     .....                    (no amulet)
Stlth  ++........               (no ring)
                                (no ring)

@: appendage (expiring), very slow, not resistant to hostile enchantments,
unstealthy
A: horns 2, see invisible, deformed body, poison resistance, slowness 2, slow
metabolism 1, spit poison 2, AC +0
a: Spit Poison, End Transformation


You were on level 3 of the Dungeon.
You were not hungry.
You had grown temporary horns.
You visited 1 branch of the dungeon, and saw 3 of its levels.

You collected 12 gold pieces.

Inventory:

Missiles
 a - 36 arrows
Armour
 b - a +0 robe (worn)
Scrolls
 e - 3 scrolls of identify {unknown}
 f - a scroll of magic mapping {unknown}
 g - a scroll of remove curse {unknown}
 h - a scroll of random uselessness {unknown}
 i - 2 scrolls of enchant armour {unknown}
 j - 2 scrolls of teleportation {unknown}
Potions
 k - 2 potions of invisibility {unknown}
Books
 c - a book of Changes

   Spells                             Type                      Level
   a - Beastly Appendage              Transmutation                1
   b - Sticks to Snakes               Transmutation                2
   c - Spider Form                    Transmutation/Poison         3
   d - Ice Form                       Ice/Transmutation            4
   e - Blade Hands                    Transmutation                5
Comestibles
 d - 2 bread rations


   Skills:
 - Level 1.0 Fighting
 - Level 1.5 Dodging
 + Level 2.2 Stealth
 + Level 3.1 Unarmed Combat
 - Level 2.0 Spellcasting
 + Level 2.3 Transmutations


You had 4 spell levels left.
You knew the following spells:

 Your Spells              Type           Power        Failure   Level  Hunger
a - Beastly Appendage     Tmut           #.....       12%         1    ##.....


Dungeon Overview and Level Annotations

Branches:
Dungeon (3/15)

Altars:
Ashenzari


Innate Abilities, Weirdness & Mutations

You cannot wear boots.
Your serpentine skin is tough. (AC +0)
You have supernaturally acute eyesight. (SInv)
Armour fits poorly on your strangely shaped body.
Your system is resistant to poisons. (rPois)
You cover ground very slowly.
You have a slow metabolism.
You can spit poison.
You have a pair of horns on your head.


Message History

The orc hits you with a flail!
You are too injured to fight recklessly!
You are too injured to fight recklessly!
You are too injured to fight recklessly!
You are too injured to fight recklessly!
You closely miss the orc. You headbutt the orc.
The orc is almost dead.
The orc hits you with a flail!
* * * LOW HITPOINT WARNING * * *
Casting: Beastly Appendage
Confirm with . or Enter, or press ? or * to list all spells.
You don't know that spell.
You hit the orc but do no damage.
The orc is almost dead.
Your transformation is almost over.
The orc barely misses you.
You hit the orc but do no damage.
The orc is almost dead.
The orc hits you with a flail!
You die...

..............
...........%.
............
..o.......[ ..
.o........
....##)........
#.#............#
#.#.####[#
#...#>No.#
..#....####
#........#
##(......#######
#..............
#........#####.
#......<.#
......#####
......


You could see an orc.

Vanquished Creatures
  2 dart slugs
  An orc (D:3)
  2 hobgoblins
  A ball python (D:1)
  2 bats
  A giant newt (D:1)
  A kobold (D:1)
10 creatures vanquished.

Notes
Turn   | Place    | Note
--------------------------------------------------------------
     0 | D:1      | tyrsky the Naga Transmuter began the quest for the Orb.
     0 | D:1      | Reached XP level 1. HP: 18/18 MP: 3/3
    55 | D:1      | Found a shattered altar of Ashenzari.
   137 | D:1      | Reached skill level 1 in Stealth
   326 | D:1      | Reached XP level 2. HP: 18/25 MP: 3/5
   570 | D:3      | Slain by an orc

Vault maps used:
D:1:      dpeg_chamrin_arrival_tetris, minmay_misc_feat_rows,
          nicolae_ashenzari_panopticon
D:2:      uniq_natasha
D:3:      overflow_temple_1_default, first_bread, tso_altar

Skill      XL: |  1  2 |
---------------+-------+-----
Stealth        | 1 2 |  2.2
Fighting       | |  1.0
Dodging        | |  1.5
Unarmed Combat | |  3.1
Spellcasting   | |  2.0
Transmutations | |  2.3

Action                   || total
-------------------------++-------
Melee: Unarmed           ||    40
       Headbutt          ||     1
       Punch             ||     1
 Cast: Beastly Appendage ||     4
 Abil: Spit Poison       ||     1
 Stab: Sleeping          ||     3
Armor: Robe              ||     1
Dodge: Dodged            ||    20
